 Dungeon Crawl Stone Soup version 0.28.0-53-g5a82cb258f (webtiles) character file.

Game seed: 4836318366113214741

6167 Peloso the Carver (level 10, -4/90 HPs)
             Began as a Minotaur Fighter on May 28, 2022.
             Was an Elder of Okawaru.
             Engulfed by a steam dragon's steam (5 damage)
             ... on level 9 of the Dungeon.
             The game lasted 00:16:44 (10029 turns).

Peloso the Carver (Minotaur Fighter)               Turns: 10029, Time: 00:16:44

Health: -4/90      AC: 12    Str: 23    XL:     10   Next: 60%
Magic:  8/9        EV: 10    Int:  5    God:    Okawaru [****..]
Gold:   91         SH: 12    Dex: 15    Spells: 9/9 levels left

rFire   . . .      SeeInvis .   a - +0 scimitar (holy)
rCold   . . .      Faith    .   c - +0 buckler
rNeg    . . .      Spirit   .   H - +1 chain mail "Ogaynen" {Dex+3}
rPois   .          Reflect  +   (helmet restricted)
rElec   .          Harm     .   (no cloak)
rCorr   .          Rampage  .   (no gloves)
Will    .....                   (no boots)
Stlth   ..........              n - amulet of reflection
HPRegen 0.25/turn               (no ring)
MPRegen 0.11/turn               (no ring)

@: slowed, very slow
A: horns 2, retaliatory headbutt
a: Renounce Religion, Heroism, Finesse


You were on level 9 of the Dungeon.
You worshipped Okawaru.
Okawaru was greatly pleased with you.
You visited 2 branches of the dungeon, and saw 10 of its levels.
You also visited: Sewer.

You collected 423 gold pieces.
You spent 332 gold pieces at shops.

Inventory:

Hand Weapons
 a - a +0 scimitar of holy wrath (weapon)
 b - the +5 mace of the Sixty-Six Lives {flame, rF- rC+ Will+ Str+2}
   (You found it on level 8 of the Dungeon)

   It burns those it strikes, dealing additional fire damage.
   Str:       It affects your strength (+2).
   rF:        It makes you vulnerable to fire.
   rC:        It protects you from cold.
   Will:      It increases your willpower.
Armour
 c - a +0 buckler (worn)
 m - +0 acid dragon scales
 p - a +0 pair of boots
 q - a +0 scale mail
 F - a +0 plate armour
 H - the +1 chain mail "Ogaynen" (worn) {Dex+3}
   (You bought it in a shop on level 7 of the Dungeon)

   Dex:       It affects your dexterity (+3).
Jewellery
 n - an amulet of reflection (around neck)
 A - a ring of fire
 C - a ring of ice
 D - a +6 ring of dexterity
 E - an amulet of guardian spirit
Wands
 k - a wand of polymorph (4)
 s - a wand of digging (8)
 G - a wand of iceblast (8)
Scrolls
 e - a scroll of noise {unknown}
 f - 5 scrolls of identify {unknown}
 g - 4 scrolls of teleportation
 i - a scroll of vulnerability {unknown}
 j - a scroll of magic mapping
 l - 2 scrolls of enchant armour {unknown}
 o - a scroll of immolation {unknown}
 t - a scroll of enchant weapon {unknown}
 u - a scroll of fear {unknown}
 v - a scroll of summoning {unknown}
 w - a scroll of fog {unknown}
 y - 2 scrolls of blinking {unknown}
 I - a scroll of acquirement {unknown}
Potions
 d - 2 potions of might
 h - 2 potions of heal wounds
 r - a potion of attraction {unknown}
 x - 2 potions of cancellation {unknown}
 z - a potion of haste {unknown}
 B - a potion of magic {unknown}


   Skills:
 + Level 8.6 Fighting
 + Level 10.7 Long Blades
 + Level 8.8 Armour
 + Level 5.8 Dodging
 + Level 0.8 Stealth
 + Level 10.1 Shields
 + Level 1.1 Invocations
 + Level 0.7 Evocations


You had 9 spell levels left.
You didn't know any spells.
Your spell library contained the following spells:

 Spells                   Type           Power      Damage    Failure   Level
 Ensorcelled Hibernation  Hex/Ice        0%         N/A       99%         2
 Conjure Flame            Conj/Fire      0%         6-21      100%        3
 Frozen Ramparts          Ice            0%         1d2       100%        3
 Ignite Poison            Fire/Tmut/Pois 0%         N/A       100%        3
 Spider Form              Tmut/Pois      0%         N/A       100%        3
 Anguish                  Hex/Necr       0%         N/A       100%        4
 Ice Form                 Ice/Tmut       0%         N/A       100%        4
 Olgreb's Toxic Radiance  Pois           0%         N/A       100%        4
 Sticky Flame             Conj/Fire      0%         2d3       100%        4
 Ozocubu's Refrigeration  Ice            0%         4d5       100%        7
 Ignition                 Fire           0%         3d3       100%        8
 Summon Ice Beast         Ice/Summ       Unusable   N/A       N/A         4

Dungeon Overview and Level Annotations

Branches:
Dungeon (9/15)             Temple (1/1) D:4            Lair (0/6) D:8
  Sewer (visited)
    Orc: D:9-12

Altars:
Ashenzari
Cheibriados
Dithmenos
Elyvilon
Gozag
Hepliaklqana
Kikubaaqudgha
Nemelex Xobeh
Okawaru
Qazlal
Ru
Sif Muna
Trog
Uskayaw
Vehumet
Wu Jian
Xom
Yredelemnul
The Shining One

Shops:
D:2 (   D:7 [

Annotations:
D:3 1 runed translucent door, Crazy Yiuf


Innate Abilities, Weirdness & Mutations

You have a pair of horns on your head.
You reflexively headbutt those who attack you in melee.


Message History

The steam dragon claws you but does no damage.
The wraith hits you but does no damage.
You hit the wraith but do no damage. You headbutt the wraith.
The wraith is lightly damaged.
The wraith hits you but does no damage.
You feel much better. You block the wraith's attack. The wraith hits you.
The wraith drains your vigour!
You feel as though you will be slow longer.
You slash the wraith!
The wraith convulses!!
You destroy the wraith!
Okawaru accepts your kill.
You hit the steam dragon.
The steam dragon is lightly wounded.
The steam dragon breathes steam at you. The ball of steam hits you!
* * * LOW HITPOINT WARNING * * *
You hit the steam dragon. Your headbutt misses the steam dragon.
The steam dragon is moderately wounded.
You are engulfed in a cloud of scalding steam.
The steam dragon bites you but does no damage.
You block the steam dragon's attack.
You closely miss the steam dragon.
You headbutt the steam dragon, but do no damage.
The steam dragon is moderately wounded.
You are engulfed in a cloud of scalding steam.
You block the steam dragon's attack. The steam dragon barely misses you.
You closely miss the steam dragon. You headbutt the steam dragon!
The steam dragon is heavily wounded.
You are engulfed in a cloud of scalding steam.
You feel like a meek peon again. The steam dragon bites you.
* * * LOW HITPOINT WARNING * * *
You block the steam dragon's attack. The steam dragon breathes steam at you.
The ball of steam hits you!!
* * * LOW HITPOINT WARNING * * *
You hit the steam dragon. You headbutt the steam dragon!
The steam dragon is almost dead.
You are engulfed in a cloud of scalding steam.
You die...

..........#######
####.......#####
####.##.....##
####..>...##..#
.....####.(.#.##
#................
#..####...####.#.#
..#####§#.# # ..
#.D@§#.#
.......####.#
....### #.. ..<
### .


You could see a steam dragon (catching breath).

Vanquished Creatures
  Maggie (D:6)
  Prince Ribbit (D:6)
  A troll (D:9)
  A wraith (D:9)
  6 yaks
  5 vampire mosquitoes (D:7)
  A steam dragon (D:8)
  A water moccasin (D:5)
  Pargi (Sewer)
  3 sky beasts
  2 ogres
  An ice beast (D:7)
  2 black bears
  2 necrophages
  A centaur (D:8)
  A phantom (D:5)
  3 kobold brigands (D:8)
  3 bullfrogs
  2 scorpions
  2 wyvern skeletons
  3 water moccasin skeletons
  8 killer bees (D:7)
  3 wights (D:8)
  A howler monkey (D:7)
  3 centaur zombies (D:6)
  A jelly (D:7)
  2 bullfrog skeletons
  3 hounds
  2 orc priests
  A gnoll shaman (D:6)
  Ijyb (D:3)
  Natasha (thrice) (D:2)
  2 orc wizards (D:7)
  3 iguanas
  A killer bee zombie (D:7)
  2 hound skeletons
  A howler monkey skeleton (D:6)
  10 gnolls
  5 adders
  3 white imps
  An ufetubus (D:3)
  An adder skeleton (D:5)
  3 worms
  4 dart slugs
  22 orcs
  7 bats
  5 endoplasms
  4 giant cockroaches
  6 goblins
  11 hobgoblins
  7 jackals (D:1)
  6 quokkas
  9 ball pythons
  4 frilled lizards
  18 kobolds
  7 rats
213 creatures vanquished.

Vanquished Creatures (others)
  Erica (D:9)
  A sky beast (D:8)
  5 fungi (D:3)
  3 plants (D:7)
10 creatures vanquished.

Grand Total: 223 creatures vanquished

Notes
Turn   | Place    | Note
-------+----------+-------------------------------------------
     0 | D:1      | Peloso the Minotaur Fighter began the quest for the Orb.
     0 | D:1      | Reached XP level 1. HP: 19/19 MP: 0/0
   362 | D:1      | Reached XP level 2. HP: 25/27 MP: 1/1
   570 | D:1      | Reached XP level 3. HP: 30/33 MP: 2/2
  1212 | D:2      | Noticed Natasha
  1215 | D:2      | Reached XP level 4. HP: 38/40 MP: 3/3
  1220 | D:2      | Killed Natasha
  1305 | D:2      | Noticed Natasha
  1315 | D:2      | Killed Natasha
  1552 | D:2      | Found Voggiat's Weapon Shop.
  1591 | D:2      | Noticed Natasha
  1653 | D:2      | Killed Natasha
  1654 | D:2      | Reached skill level 5 in Armour
  1654 | D:2      | Reached XP level 5. HP: 45/47 MP: 4/4
  1838 | D:2      | Found a faded altar of an unknown god.
  1894 | D:3      | Reached skill level 1 in Dodging
  2183 | D:3      | Found a sacrificial altar of Ru.
  2186 | D:3      | Found an ornate altar of the Wu Jian Council.
  2336 | D:3      | Found a radiant altar of Vehumet.
  2441 | D:3      | Found a shimmering blue altar of Sif Muna.
  2601 | D:3      | Noticed Ijyb
  2614 | D:3      | HP: 2/47 [disintegration (21)]
  2615 | D:3      | Killed Ijyb
  2616 | D:3      | Reached XP level 6. HP: 3/53 MP: 5/5
  3164 | D:3      | Found a runed translucent door.
  3165 | D:3      | Noticed Crazy Yiuf
  3221 | D:4      | Found a hazy altar of Hepliaklqana.
  3374 | D:4      | Reached skill level 5 in Long Blades
  3524 | D:4      | Reached skill level 5 in Fighting
  3700 | D:4      | Reached skill level 5 in Shields
  3700 | D:4      | Reached XP level 7. HP: 61/61 MP: 6/6
  3734 | D:4      | Found a staircase to the Ecumenical Temple.
  3866 | D:4      | Found a glowing golden altar of the Shining One.
  3994 | Temple   | Entered the Ecumenical Temple
  4146 | Temple   | Became a worshipper of Warmaster Okawaru
  4182 | D:5      | Entered Level 5 of the Dungeon
  4841 | D:5      | Reached XP level 8. HP: 18/70 MP: 7/7
  5349 | D:6      | Reached * piety under Okawaru
  5438 | D:6      | Noticed Prince Ribbit
  5450 | D:6      | Killed Prince Ribbit
  5613 | D:6      | Found a glowing drain.
  5637 | Sewer    | Entered a sewer
  5805 | Sewer    | Noticed Pargi
  5814 | Sewer    | Killed Pargi
  5814 | Sewer    | Reached ** piety under Okawaru
  6007 | D:6      | Noticed Maggie
  6022 | D:6      | Killed Maggie
  6023 | D:6      | Reached XP level 9. HP: 51/78 MP: 8/8
  6712 | D:7      | Found Zalouweg's Antique Armour Shoppe.
  7026 | D:7      | Reached *** piety under Okawaru
  7160 | D:7      | Reached skill level 1 in Invocations
  7396 | D:7      | Found a hide-covered altar of Uskayaw.
  7534 | D:7      | Reached skill level 10 in Long Blades
  7597 | D:7      | Reached XP level 10. HP: 84/88 MP: 9/9
  7909 | D:8      | Found a white marble altar of Elyvilon.
  8196 | D:8      | Identified the +5 mace of the Sixty-Six Lives {flame, rF-
                  | rC+ Will+ Str+2}
  8409 | D:8      | Reached skill level 5 in Dodging
  8990 | D:8      | Found a staircase to the Lair.
  9488 | D:7      | Bought a distressingly furry chain mail for 332 gold pieces
  9488 | D:7      | Identified the +1 chain mail "Ogaynen" {Dex+3} (You bought
                  | it in a shop on level 7 of the Dungeon)
  9710 | D:9      | Noticed a sixfirhy
  9722 | D:8      | Reached **** piety under Okawaru
  9995 | D:9      | Noticed Erica
 10009 | D:9      | Killed Erica
 10010 | D:9      | Reached skill level 10 in Shields
 10028 | D:9      | HP: 1/90 [steam dragon/ball of steam (19)]
 10029 | D:9      | Engulfed by a steam dragon's steam

Illustrated notes

Levels and vault maps discovered:
D:1:      giann_bridges, layout_basic, minmay_parallelograms
D:2:      layout_rooms, shapermc_ecumenical_altar_hornbeckon, serial_shops,
          nicolae_shop_bloodbath_and_beyond, uniq_natasha
D:3:      layout_basic, marbit_many_paths, nicolae_overflow_hidden_temple,
          grunt_ministairs_9, uniq_ijyb, uniq_crazy_yiuf_cottage
D:4:      layout_rooms, tso_oasis_becter, kennysheep_little_box,
          minmay_temple_entry_statues_fountains
D:5:      layout_rooms, minmay_misc_feat_enclosed
D:6:      layout_basic, cheibrodos_sewer_entry_bend, uniq_maggie,
          uniq_prince_ribbit1
D:7:      nzn_winding_woodlands_medium [nzn_winding_woodlands_5x5_cross,
          nzn_winding_woodlands_5x15_cabin,
          nzn_winding_woodlands_5x5_closed_star,
          nzn_winding_woodlands_5x5_checkerboard,
          nzn_winding_woodlands_center_pierced_h,
          nzn_winding_woodlands_5x5_default,
          nzn_winding_woodlands_5x5_open_star,
          nzn_winding_woodlands_5x15_pathside_ponds,
          nzn_winding_woodlands_hourglass], layout_basic,
          nicolae_uskayaw_suspiria, serial_shops, shop
D:8:      layout_gridville, elyvilon_altar_4, lair_entry_dummy,
          kennysheep_another_room
D:9:      cheibrodos_shockbox, layout_rooms, bloody_makhleb, david_orc_4,
          uniq_grum, uniq_erica
Temple:   oiseaux_autumnal_temple

Skill      XL: |  1  2  3  4  5  6  7  8  9 10 |
---------------+-------------------------------+-----
Armour         | 4 5 6 7 8 |  8.8
Shields        | 4 5 6 8 10 | 10.1
Fighting       | 4 5 6 7 8 |  8.6
Long Blades    | 3 4 5 6 8 10 | 10.7
Dodging        | 1 2 4 5 |  5.8
Invocations    | 1 |  1.1
Stealth        | |  0.8
Evocations     | |  0.7

Action                   |  1- 3 |  4- 6 |  7- 9 | 10-12 || total
-------------------------+-------+-------+-------+-------++-------
Melee: Long sword        |    76 |   127 |   301 |   100 ||   604
       Headbutt          |    10 |    20 |    66 |    36 ||   132
       Scimitar          |       |       |       |    53 ||    53
Invok: Heroism           |       |       |     5 |     1 ||     6
Evoke: Wand              |       |     2 |     3 |       ||     5
  Use: Scroll            |       |     2 |       |       ||     2
       Potion            |       |       |       |     3 ||     3
Armor: Scale mail        |    30 |    41 |    69 |       ||   140
       Acid dragon scale |       |       |    20 |    45 ||    65
       Chain mail        |       |       |       |    26 ||    26
Dodge: Dodged            |    52 |    49 |   153 |    91 ||   345
Block: Buckler           |    14 |    39 |   167 |   113 ||   333
       Reflection        |       |       |       |     9 ||     9
